 Dungeon Crawl Stone Soup version 0.29.1-13-g9f3cf754e1 (webtiles) character file.

Game seed: 13568449096629585751

12 javelincjr the Grave Robber (level 2, 0/19 HPs)
             Began as a Demonspawn Necromancer on Jan 30, 2023.
             Succumbed to an adder's poison
             ... on level 2 of the Dungeon.
             The game lasted 00:03:12 (1293 turns).

javelincjr the Grave Robber (DsNe)                  Turns: 1293, Time: 00:03:12

Health: 0/19       AC:  2    Str:  8    XL:     2   Next: 20%
Magic:  2/5        EV: 12    Int: 16    God:
Gold:   104        SH:  0    Dex: 19    Spells: 4/5 levels left

rFire   . . .      SeeInvis .   n - +0 hand axe
rCold   . . .      Faith    .   (no shield)
rNeg    . . .      Spirit   .   a - +0 robe
rPois   .          Reflect  .   (no helmet)
rElec   .          Harm     .   (no cloak)
rCorr   .          Rampage  .   (no gloves)
Will    .....                   (no boots)
Stlth   ++........              (no amulet)
HPRegen 0.06/turn               d - +6 ring of dexterity
MPRegen 0.09/turn               (no ring)

@: brilliant, lethally poisoned (0 -> -1), very slightly contaminated
A: ignite blood 1
a: no special abilities


You were on level 2 of the Dungeon.
You visited 1 branch of the dungeon, and saw 2 of its levels.

You collected 104 gold pieces.

Inventory:

Hand Weapons
 e - a +0 dagger
 n - a +0 hand axe (weapon)
Armour
 a - a +0 robe (worn)
 g - a +1 ring mail of poison resistance
Jewellery
 d - a +6 ring of dexterity (left hand)
Scrolls
 c - a scroll of noise {unknown}
 f - 4 scrolls of identify {unknown}
 i - a scroll of brand weapon {unknown}
 k - a scroll of silence {unknown}
Potions
 b - a potion of magic
 h - 3 potions of brilliance
 j - 2 potions of heal wounds {unknown}
 l - a potion of might {unknown}
 m - a potion of haste {unknown}


   Skills:
 + Level 0.1 Short Blades
 + Level 1.8 Dodging
 + Level 1.8 Stealth
 + Level 2.1 Spellcasting
 + Level 4.8 Necromancy


You had 4 spell levels left.
You knew the following spells:

 Your Spells              Type           Power      Damage    Failure   Level
a - Necrotise             Necr           100%       1d9       2%          1

Your spell library contained the following spells:

 Spells                   Type           Power      Damage    Failure   Level
 Vampiric Draining        Necr           25%        2d7       9%          3
 Magic Dart               Conj           8%         1d3       21%         1
 Animate Dead             Necr           25%        N/A       28%         4
 Searing Ray              Conj           4%         2d4       30%         2
 Fulminant Prism          Conj/Hex       1%         3d6       90%         4
 Agony                    Necr           25%        N/A       61%         5
 Summon Forest            Summ/Tloc      1%         N/A       99%         5
 Summon Mana Viper        Hex/Summ       2%         N/A       99%         5
 Summon Cactus Giant      Summ           1%         N/A       100%        6


Dungeon Overview and Level Annotations

Branches:
Dungeon (2/15)

Altars:


Innate Abilities, Weirdness & Mutations

Your demonic aura sometimes causes spilled blood to erupt in flames.


Message History

Confirm with . or Enter, or press ? or * to list all spells.
Aiming: Necrotise (safe; 2% risk of failure)
Press: ? - help, Shift-Dir - straight line, f - adder
Aim: an adder (chance to affect: 81%)
The adder barely resists.
The kobold shouts!
Casting: Necrotise (safe; 2% risk of failure)
Confirm with . or Enter, or press ? or * to list all spells.
Aiming: Necrotise (safe; 2% risk of failure)
Press: ? - help, Shift-Dir - straight line, f/p - adder
Aim: an adder (chance to affect: 81%)
The adder writhes in agony.
The adder bites you.
You are poisoned.
The adder poisons you!
You closely miss the adder.
The adder is lightly wounded.
You feel sick. The adder barely misses you. The adder bites you.
You are more poisoned.
The adder poisons you!
You feel sick.
You feel sick. The adder bites you.
You miss the adder.
The adder is lightly wounded.
You feel sick. The adder barely misses you.
You miss the adder.
The adder is lightly wounded.
You feel sick. The adder barely misses you. The adder bites you.
* * * LOW HITPOINT WARNING * * *
Casting: Necrotise (safe; 2% risk of failure)
Confirm with . or Enter, or press ? or * to list all spells.
Aiming: Necrotise (safe; 2% risk of failure)
Press: ? - help, Shift-Dir - straight line, f/p - adder
Aim: an adder (lightly wounded, chance to affect: 81%)
You miscast Necrotise.
You are very lightly contaminated with residual magic.
Nothing appears to happen.
You feel sick. The adder bites you.
* * * LOW HITPOINT WARNING * * *
It was a potion of brilliance.
You feel clever all of a sudden.
You die...

#........###
##.........[####### [
#...........##.<..# ..
#.................##... .
#..........###....)... ..
#.................# ...
#..........##.....# ....
##........###...### .....
#........# ##..@.##......
#........#######S........
#<.<.....##..............
####.######......##......
#.# #......# ...... #.#
#...=..# ...>. ...
...?..... ..... ...
##......# .... ....
......... .###


You could see an adder.

Vanquished Creatures
  A dart slug (D:1)
  An endoplasm (D:1)
  2 goblins (D:1)
  A hobgoblin (D:1)
  2 quokkas (D:1)
  A bat (D:2)
  A kobold (D:1)
  A rat (D:1)
10 creatures vanquished.

Vanquished Creatures (others)
  A plant (D:1)
1 creature vanquished.

Grand Total: 11 creatures vanquished

Notes
Turn   | Place    | Note
-------+----------+-------------------------------------------
     0 | D:1      | javelincjr the Demonspawn Necromancer began the quest for
                  | the Orb.
     0 | D:1      | Reached XP level 1. HP: 13/13 MP: 3/3
   495 | D:1      | Gained mutation: Your demonic aura sometimes causes spilled
                  | blood to erupt in flames. [demonic ancestry]
   495 | D:1      | Reached XP level 2. HP: 8/19 MP: 1/5
  1124 | D:1      | Found a faded altar of an unknown god.
  1293 | D:2      | Succumbed to an adder's poison

Illustrated notes

Levels and vault maps discovered:
D:1:      mushboom_english_gardens, layout_loops_ring,
          shapermc_ecumenical_altar_hornbeckon
D:2:      layout_rooms, serial_shops, nicolae_shop_advertising_works
          [nicolae_subvault_shop_adworks]

Action                   || total
-------------------------++-------
Melee: Dagger            ||    25
       Unarmed           ||     1
       Hand axe          ||     3
 Cast: Necrotise         ||    13
  Use: Potion            ||     1
 Stab: Sleeping          ||     1
Armor: Robe              ||     6
Dodge: Dodged            ||    10
